 Dungeon Crawl Stone Soup version 0.19-a0-1155-gb6eeeff (webtiles) character file.

2230 junb69 the Fighter (level 9, -4/67 HPs)
             Began as a Formicid Gladiator on Aug 13, 2016.
             Was a Follower of Okawaru.
             Slain by a killer bee (7 damage)
             ... on level 8 of the Dungeon.
             The game lasted 00:16:25 (8005 turns).

junb69 the Fighter (Formicid Gladiator)             Turns: 8005, Time: 00:16:25

Health: -4/67      AC:  4    Str: 26    XL:     9   Next: 62%
Magic:  4/7        EV: 15    Int:  8    God:    Okawaru [*.....]
Gold:   305        SH:  7    Dex: 12    Spells: 0 memorised, 8 levels left

rFire  + . .     SeeInvis +     a - +0 quarterstaff
rCold  . . .     Gourm    .     s - +0 ring mail
rNeg   + . .     Faith    .     i - +2 buckler
rPois  .         Spirit   .     (helmet unavailable)
rElec  .         Dismiss  .     (no cloak)
rCorr  .         Reflect  .     (no gloves)
MR     .....     Harm     .     (no boots)
Stlth  ++........               (no amulet)
                                G - ring of positive energy
                                k - ring of protection from fire

@: lethally poisoned (-4 -> -11), heroism
A: permanent stasis, dig shafts and tunnels, four strong arms, antennae 3,
deformed body, frail 1, low mp 2, sense surroundings 1, strong 2, subdued magic
1, MP-powered wands
a: Dig, Shaft Self, Heroism, Renounce Religion


You were on level 8 of the Dungeon.
You worshipped Okawaru.
Okawaru was aware of your devotion.
You were not hungry.

You visited 1 branch of the dungeon, and saw 8 of its levels.

You collected 305 gold pieces.

Inventory:

Hand Weapons
 a - a +0 quarterstaff (weapon)
Missiles
 c - 3 throwing nets (quivered)
Armour
 i - a +2 buckler (worn)
 s - a +0 ring mail (worn)
Jewellery
 k - a ring of protection from fire (left hand)
 G - a ring of positive energy (right hand)
Wands
 q - a wand of flame (4/48)
 u - a wand of paralysis (5/24)
 z - a wand of paralysis (5/24)
 B - a wand of enslavement (16/24)
Scrolls
 b - a scroll of amnesia {unknown}
 h - 3 scrolls of enchant weapon {unknown}
 j - 4 scrolls of identify
 l - a scroll of magic mapping {unknown}
 m - a scroll of fear {unknown}
 n - a scroll of random uselessness {unknown}
 o - 3 scrolls of remove curse {unknown}
 w - a scroll of enchant armour {unknown}
 y - 3 scrolls of recharging {unknown}
 A - 2 scrolls of immolation {unknown}
 C - a scroll of blinking {unknown}
 E - a scroll of fog {unknown}
Potions
 f - a potion of magic
Comestibles
 d - 8 bread rations
 t - 3 meat rations
 v - 5 fruits
 F - a slice of pizza


   Skills:
 - Level 8.6(13.6) Fighting
 - Level 8.3(13.3) Staves
 - Level 2.0(7.0) Throwing
 * Level 5.9(10.9) Armour
 - Level 2.6(7.6) Dodging


You had 8 spell levels left.
You didn't know any spells.

Dungeon Overview and Level Annotations

Branches:
Dungeon (8/15)             Temple (0/1) D:7
   Lair: D:8-11

Altars:
Dithmenos
Fedhas
Kikubaaqudgha
Okawaru
Pakellas
Uskayaw
Vehumet
The Shining One

Shops:
D:5 [   D:7 [

Annotations:
D:7 exclusion: ice statue


Innate Abilities, Weirdness & Mutations

You are under a permanent stasis effect.
You can dig through walls and to a lower floor.
Your four strong arms can wield two-handed weapons with a shield.
You have a pair of large antennae on your head. (SInv)
Armour fits poorly on your strangely shaped body.
You are frail. (-10% HP)
Your magical capacity is very low. (-20% MP)
You passively map a small area around you.
Your muscles are very strong. (Str +4)
Your spells are a little easier to cast, but a little less powerful.
You expend magic power (3 MP) to strengthen your wands.


Message History

Okawaru accepts your kill.
You feel sick.
The killer bee stings you but does no damage.
You miss the killer bee.
You feel sick. The killer bee barely misses you.
You miss the killer bee.
You feel like a meek peon again.
You feel sick. The killer bee misses you.
You barely miss the killer bee.
You feel sick. The killer bee closely misses you. The killer bee stings you!
* * * LOW HITPOINT WARNING * * *
You miss the killer bee.
You feel sick. You block the killer bee's attack. The killer bee stings you.
* * * LOW HITPOINT WARNING * * *
You hit the killer bee but do no damage.
The killer bee barely misses you. The killer bee stings you.
* * * LOW HITPOINT WARNING * * *
You gain the combat prowess of a mighty hero.
* * * LOW HITPOINT WARNING * * *
You feel sick. The killer bee stings you!
You die...

## * .., ,, *.#
* .# .# .# ,
#######.######
##..@yy.......#
##...####.####.#
#..#..#* .#
#.###.# y.,
#..#..#, y..
#...##, .###
###.# ##
#####.###.#
#.........#


You could see 2 killer bees.

Vanquished Creatures
  A hippogriff (D:7)
  A hungry ghost (D:7)
  Menkaure (D:4)
  An orc warrior (D:7)
  2 black bears
  An ice beast (D:6)
  A centaur (D:6)
  An ogre (D:6)
  Blork the orc (D:4)
  4 giant frogs (D:6)
  2 scorpions
  4 killer bees (D:8)
  3 crimson imps
  A giant frog zombie (D:6)
  A quasit (D:7)
  A centaur zombie (D:6)
  A hound (D:7)
  2 jellies
  A centaur skeleton (D:4)
  An orc wizard (D:6)
  Jessica (D:3)
  Ijyb (D:4)
  An iguana (D:7)
  A worker ant (D:7)
  7 gnolls
  10 adders
  A shadow imp (D:5)
  An ooze (D:7)
  4 worms
  3 dart slugs
  2 giant geckos
  9 orcs
  10 bats
  5 giant cockroaches
  12 goblins
  4 hobgoblins
  15 jackals
  6 quokkas
  A ball python (D:2)
  A ball python skeleton (D:4)
  10 giant newts
  11 kobolds
  8 rats
  2 plants (D:3)
157 creatures vanquished.

Vanquished Creatures (others)
  A wolf spider (D:2)
1 creature vanquished.

Grand Total: 158 creatures vanquished

Notes
Turn   | Place    | Note
-------+----------+-------------------------------------------
     0 | D:1      | junb69 the Formicid Gladiator began the quest for the Orb.
     0 | D:1      | Reached XP level 1. HP: 16/16 MP: 1/1
     2 | D:1      | Noticed a merfolk
     2 | D:1      | Noticed a vampire
     4 | D:1      | Noticed a ghoul
     6 | D:1      | Noticed a vine stalker
     6 | D:1      | Noticed a troll
     8 | D:1      | Noticed a naga
    10 | D:1      | Noticed an ogre
    10 | D:1      | Noticed a human
    12 | D:1      | Noticed a halfling
    12 | D:1      | Noticed an elf
    14 | D:1      | Noticed a dwarf
    14 | D:1      | Noticed a demonspawn
    16 | D:1      | Noticed a felid
    16 | D:1      | Noticed a centaur
    18 | D:1      | Noticed an octopode
    18 | D:1      | Noticed a formicid
    20 | D:1      | Noticed a draconian
    20 | D:1      | Noticed a demigod
    22 | D:1      | Noticed a minotaur
    24 | D:1      | Noticed a gargoyle
    26 | D:1      | Noticed a spriggan
    26 | D:1      | Noticed a tengu
   154 | D:1      | Reached XP level 2. HP: 12/23 MP: 2/2
   655 | D:1      | Reached XP level 3. HP: 22/29 MP: 3/3
  1501 | D:2      | Reached XP level 4. HP: 29/35 MP: 4/4
  2031 | D:2      | Reached XP level 5. HP: 39/42 MP: 5/5
  2053 | D:2      | Found an oddly glowing altar of Pakellas.
  2053 | D:2      | Noticed a wolf spider
  2065 | D:2      | Killed a wolf spider
  2265 | D:3      | Found a glowing golden altar of the Shining One.
  2363 | D:3      | Noticed Jessica
  2374 | D:3      | Killed Jessica
  2399 | D:3      | Noticed a black bear
  2402 | D:3      | Gained mutation: You are frail. (-10% HP) [potion of mutation]
  2402 | D:3      | Gained mutation: You expend magic power (3 MP) to strengthen your wands. [potion of mutation]
  2410 | D:3      | Killed a black bear
  2410 | D:3      | Reached skill level 5 in Fighting
  2410 | D:3      | Reached skill level 5 in Staves
  2410 | D:3      | Reached XP level 6. HP: 29/45 MP: 6/6
  2512 | D:3      | Gained mutation: Armour fits poorly on your strangely shaped body. [potion of mutation]
  2512 | D:3      | Gained mutation: Your magical capacity is low. (-10% MP) [potion of mutation]
  2512 | D:3      | Gained mutation: Your muscles are strong. (Str +2) [potion of mutation]
  2513 | D:3      | Gained mutation: Your magical capacity is very low. (-20% MP) [potion of mutation]
  2513 | D:3      | Gained mutation: Your spells are a little easier to cast, but a little less powerful. [potion of mutation]
  2513 | D:3      | Gained mutation: You passively map a small area around you. [potion of mutation]
  3523 | D:4      | Noticed Ijyb
  3544 | D:4      | Killed Ijyb
  3679 | D:4      | Reached XP level 7. HP: 35/50 MP: 5/5
  3752 | D:4      | Noticed Menkaure
  3770 | D:4      | Killed Menkaure
  4058 | D:4      | Noticed Blork the orc
  4069 | D:4      | Killed Blork the orc
  4583 | D:4      | Found an iron altar of Okawaru.
  4635 | D:4      | Became a worshipper of Warmaster Okawaru
  4695 | D:5      | Entered Level 5 of the Dungeon
  5172 | D:5      | Found a blossoming altar of Fedhas.
  5297 | D:5      | Reached XP level 8. HP: 52/58 MP: 6/6
  5564 | D:5      | Found Olusief's Armour Boutique.
  6023 | D:6      | Reached * piety under Okawaru
  6029 | D:6      | HP: 3/60 [black bear (2)]
  6413 | D:6      | Reached XP level 9. HP: 12/67 MP: 7/7
  7312 | D:7      | Found a staircase to the Ecumenical Temple.
  7398 | D:7      | Found a shadowy altar of Dithmenos.
  7707 | D:7      | Reached skill level 5 in Armour
  7709 | D:7      | Paralysed by fainting for 10 turns
  7755 | D:7      | Noticed an ice statue
  7811 | D:7      | Found a hide-covered altar of Uskayaw.
  7815 | D:7      | Found a radiant altar of Vehumet.
  7818 | D:7      | Found an ancient bone altar of Kikubaaqudgha.
  7885 | D:7      | Found Enuenewu's Armour Boutique.
  7897 | D:7      | Gained mutation: Your muscles are very strong. (Str +4) [potion of beneficial mutation]
  7918 | D:8      | Found an ancient bone altar of Kikubaaqudgha.
  7999 | D:8      | Reached ** piety under Okawaru
  8005 | D:8      | HP: 3/67 [poisoned by a killer bee]
  8005 | D:8      | Slain by a killer bee

Vault maps used:
D:1:      kb_arrival_jail
D:2:      gammafunk_pakellas_its_alive
D:3:      wad_woods_stonehenge, uniq_jessica
D:4:      kennysheep_the_goblin_king, okawaru_ov_weapons_minmay, uniq_menkaure,
          uniq_blork_the_orc
D:5:      serial_shops, nicolae_shop_waterfront, first_bread, fedhas_altar_1
D:6:      hex_intersection
D:7:      lemuel_ice_statue, minmay_overflow_temple_star_quad,
          overflow_temple_1_default, serial_shops, nicolae_shop_behind_doors
D:8:      lair_0_dummy, basic_altar

Skill      XL: |  1  2  3  4  5  6  7  8  9 |
---------------+----------------------------+-----
Fighting       | 3 4 5 6 8 |  8.6
Staves         | 4 5 6 8 |  8.3
Armour         | 5 |  5.9
Throwing       | |  2.0
Dodging        | |  2.6

Action                   |  1- 3 |  4- 6 |  7- 9 || total
-------------------------+-------+-------+-------++-------
Melee: Quarterstaff      |   106 |   199 |   276 ||   581
Throw: Throwing net      |       |     2 |     3 ||     5
Invok: Heroism           |       |       |     5 ||     5
Evoke: Wand              |       |       |     1 ||     1
  Use: Potion            |       |     4 |     7 ||    11
       Scroll            |       |       |     3 ||     3
 Stab: Held in net/web   |       |     1 |     4 ||     5
       Sleeping          |       |     1 |       ||     1
       Paralysed         |       |       |     5 ||     5
  Eat: Chunk             |     2 |     7 |    16 ||    25
       Fruit             |       |       |     1 ||     1
Armor: Leather armour    |    37 |    22 |       ||    59
       Ring mail         |       |    11 |    41 ||    52
Dodge: Dodged            |    87 |    83 |   123 ||   293
Block: Buckler           |    20 |    33 |    71 ||   124
